 Dungeon Crawl Stone Soup version 0.16-a0-1301-gf74d490 (webtiles) character file.

82445 Chiseanne the Ninja (level 15, -5/56 (59) HPs)
             Began as a Spriggan Assassin on Oct 15, 2014.
             Was an Initiate of Gozag.
             Killed from afar by a deep elf mage (29 damage)
             ... with an orb of energy
             ... on level 2 of the Elven Halls.
             The game lasted 02:57:49 (30298 turns).

Chiseanne the Ninja (Spriggan Assassin)            Turns: 30298, Time: 02:57:50

HP:   -5/56 (59)    AC:  7    Str: 13    XL:     15   Next: 29%
MP:   24/24         EV: 41    Int: 14    God:    Gozag
Gold: 5311          SH:  9    Dex: 29    Spells: 2 memorised, 10 levels left

rFire  + . .     SeeInvis +     a - +11 dagger of Rujutur {venom, rElec MR+}
rCold  . . .     Clarity  .     c - +2 robe of the Lonely Mice {Str+3 Int+1}
rNeg   + . .     SustAb   .     u - +2 buckler
rPois  .         Gourm    .     l - +0 hat of Surprise {rF+ Stlth+}
rElec  +         Spirit   .     q - +2 cloak {+Inv}
rCorr  .         Warding  +     (gloves unavailable)
rMut   .         Stasis   .     (boots unavailable)
MR     +++..                    H - amulet of warding
Stlth  ++++++++++               e - ring of the Enemy {Str+3 Slay+5}
                                h - +5 ring of dexterity

@: very quick, extremely resistant to hostile enchantments, uncannily stealthy
A: unfitting armour, see invisible, herbivore 3, speed 3, frail 1, slow
metabolism 2, spit poison 1
a: Spit Poison, Potion Petition, Call Merchant, Bribe Branch, Renounce Religion,
Evoke Invisibility


You were on level 2 of the Elven Halls.
You worshipped Gozag.
Gozag was noncommittal.
You were not hungry.

You visited 5 branches of the dungeon, and saw 28 of its levels.
You also visited: Labyrinth and Bailey.

You collected 8812 gold pieces.
You spent 3419 gold pieces at shops.
You paid 82 gold pieces to Gozag.

Inventory:

Hand weapons
 a - the +11 dagger of Rujutur (weapon) {venom, rElec MR+}
   (You bought it in a shop on level 4 of the Orcish Mines)

   It poisons the flesh of those it strikes.
   It insulates you from electricity.
   It affects your resistance to hostile enchantments.
 d - a +3 dagger of flaming
 f - a +1 dagger of holy wrath
 s - a +3 dagger of protection
 w - the +5 blowgun of Immorality {evade, Dex+2}
   (You found it on level 8 of the Dungeon)

   It affects your evasion (+5 to EV).
   It affects your dexterity (+2).
Missiles
 o - 63 tomahawks (quivered)
 y - 25 poisoned needles
Armour
 c - the +2 robe of the Lonely Mice (worn) {Str+3 Int+1}
   (You found it on level 1 of the Elven Halls)

   It affects your strength (+3).
   It affects your intelligence (+1).
 k - a +0 robe of the Archmagi
 l - the +0 hat of Surprise (worn) {rF+ Stlth+}
   (You acquired it on level 1 of the Lair of Beasts)

   It protects you from fire.
   It makes you more stealthy.
 q - a +2 cloak of invisibility (worn)
 u - a +2 buckler (worn)
 D - the +1 robe of Winter {rF+}
   (You bought it in a shop on level 4 of the Orcish Mines)

   It protects you from fire.
Jewellery
 e - the ring of the Enemy (right hand) {Str+3 Slay+5}
   (You bought it in a shop on level 4 of the Orcish Mines)

   [ring of strength]

   It affects your strength (+3).
   It affects your accuracy and damage with ranged weapons and melee attacks
   (+5).
 h - a +5 ring of dexterity (left hand)
 v - a +3 ring of evasion
 A - an uncursed ring of poison resistance
 E - an uncursed ring of sustain abilities
 H - an amulet of warding (around neck)
 U - an uncursed ring of flight
Magical devices
 j - a wand of flame (26)
 x - a wand of invisibility (4)
 W - a wand of digging (3)
Scrolls
 b - 6 scrolls of remove curse
 i - 4 scrolls of magic mapping
 t - 3 scrolls of teleportation
 L - a scroll of vulnerability
 N - 3 scrolls of fog
 O - a scroll of fear
Potions
 m - 6 potions of curing
 n - 2 potions of mutation
 p - 7 potions of heal wounds
 r - 2 potions of cancellation
 B - 3 potions of berserk rage
 C - 4 potions of resistance
 I - 3 potions of restore abilities
 T - 8 potions of might
Miscellaneous
 V - a sack of spiders {used: 4}
Comestibles
 g - 15 bread rations
 z - 11 slices of pizza
 F - a royal jelly


   Skills:
 * Level 2.3 Fighting
 - Level 11.5 Short Blades
 - Level 2.1 Throwing
 * Level 20.2 Dodging
 O Level 27 Stealth


You had 10 spell levels left.
You knew the following spells:

 Your Spells              Type           Power        Failure   Level  Hunger
a - Repel Missiles        Chrm/Air       #.....       54%         2    ###....
b - Blink                 Tloc           N/A          54%         2    ###....


Dungeon Overview and Level Annotations

Branches:
Dungeon (13/15)            Temple (1/1) D:6             Orc (4/4) D:11
    Elf (2/3) Orc:4          Lair (8/8) D:9           Swamp (0/5) Lair:6
 Spider (0/5) Lair:6        Slime (0/6) Lair:6       Vaults (0/5) D:13

Altars:
Ashenzari
Cheibriados
Fedhas
Gozag
Kikubaaqudgha
Nemelex Xobeh
Okawaru
Qazlal
Sif Muna
Trog
Xom
Yredelemnul
Beogh

Shops:
D:7 %   D:9 %   D:11 ?   D:12 *   Orc:4 [[=[[([

Annotations:
Lair:6 exclusion: 5 oklob plants
Lair:8 exclusion: oklob plant


Innate Abilities, Weirdness & Mutations

You are tiny and cannot use many weapons and most armour.
You have supernaturally acute eyesight.
You are a herbivore.
You cover ground extremely quickly.
You need consume almost no food.
You are frail (-10% HP).
You can spit poison.


Message History

You impale the deep elf mage!!
The deep elf mage is poisoned.
The deep elf mage is heavily wounded.
The deep elf mage points at you and mumbles some strange words.
The lance of force hits you!
You slash the deep elf mage!
You kill the deep elf mage!
The deep elf fighter unwields an uncursed long sword.
The deep elf fighter wields a longbow.
The deep elf fighter shoots an arrow.
The arrow completely misses you.
The deep elf fighter gestures at you while chanting.
The magic dart hits you!
You slash the deep elf fighter!
The deep elf fighter is moderately wounded.
The deep elf mage casts a spell at you.
The orb of energy hits the deep elf fighter.
The deep elf fighter dies!
The orb of energy explodes!
The mystic blast hits you!
Ouch! That really hurt!
You die...
Your body crumbles into a pile of gold.

#.###.##.......#
#.#..##.......#
#....##.......
#.#####...... #.#
####.# #)# #....
#.# .
##########.####.#
#....ee.(@....(#
#.#####$)#....#.#
#.e####.# ......#
.# ###..#.# #
#..... ....... $
##..... #...


You could see a deep elf fighter and 2 deep elf magi.

Vanquished Creatures
  An orc warlord (Orc:4)
  A deep elf demonologist (Elf:2)
  A dire elephant (Lair:8)
  Snorg (Orc:1)
  A deep elf death mage (Elf:1)
  A vault guard (D:13)
  Erica (Lair:3)
  A centaur warrior (D:8)
  3 hydras
  13 death yaks
  A deep troll shaman (Lair:8)
  An orc high priest (Orc:4)
  2 catoblepae
  A fire crab (Lair:6)
  3 deep elf knights (Elf:1)
  3 deep elf summoners (Elf:1)
  A hill giant (D:12)
  7 orc knights
  3 griffons
  3 orc sorcerers (Orc:4)
  5 deep elf conjurers (Elf:1)
  A manticore (Lair:4)
  6 oklob plants (Lair:6)
  13 elephants
  2 black mambas
  10 spiny frogs
  A kobold demonologist (D:12)
  6 komodo dragons
  A fire drake (D:9)
  An elf (shapeshifter) (Elf:1)
  4 deep elf priests (Elf:1)
  4 trolls
  3 two-headed ogres
  3 polar bears
  2 slime creatures (D:10)
  A spriggan (Lair:7)
  A boulder beetle (Lair:6)
  A tarantella (Lair:8)
  11 deep elf magi
  3 redbacks (Lair:8)
  2 basilisks (Lair:8)
  A wraith (D:10)
  Eustachio (D:8)
  3 wyverns
  9 deep elf fighters
  A steam dragon (D:11)
  A fire elemental (Lair:6)
  9 humans
  2 hogs (D:7)
  8 wolves
  11 hippogriffs
  46 yaks
  A hungry ghost (D:12)
  50 orc warriors
  14 water moccasins
  12 porcupines
  A warg (Orc:1)
  A necrophage (D:8)
  8 spiders (Lair:6)
  3 phantoms
  6 black bears
  3 yellow wasps
  4 ice beasts
  8 centaurs
  7 crocodiles
  A manticore skeleton (D:10)
  2 boring beetles
  Sigmund (D:8)
  6 ogres
  5 big kobolds
  10 giant frogs
  11 killer bees
  4 crimson imps
  A goliath beetle (D:9)
  2 electric eels (D:11)
  11 hounds
  2 quasits
  A centaur skeleton (D:11)
  5 iguanas
  5 jellies
  28 orc priests
  A giant frog skeleton (D:9)
  7 worker ants
  31 orc wizards
  2 orange rats (Lair:3)
  20 sheep
  A big kobold zombie (D:7)
  A mummy (D:8)
  52 green rats
  26 adders
  7 gnolls
  3 giant mites
  2 shadow imps
  5 worms
  2 adder zombies
  An adder skeleton (D:7)
  5 giant geckos
  219 orcs
  A bat skeleton (D:8)
  12 hobgoblins
  3 jackals (D:8)
  An ooze (D:5)
  12 quokkas
  2 ball pythons
  9 bats
  6 giant newts
  2 giant spores
  23 goblins
  A jackal zombie (D:8)
  24 kobolds
  An orc skeleton (D:5)
  An orc zombie (D:6)
  15 rats
  5 ballistomycetes (D:6)
  3 fungi
  A plant (Lair:5)
942 creatures vanquished.

Vanquished Creatures (collateral kills)
  A minotaur (Lab)
  Harold (D:10)
  A hill giant (D:10)
  A spiny frog (Lair:1)
  A troll (D:11)
  3 slime creatures (D:10)
  2 yaks (D:10)
  Edmund (D:8)
  An ogre (D:10)
  A crimson imp (D:8)
  A quasit (D:11)
  An orc wizard (D:11)
  A steam dragon zombie (D:8)
  A shadow imp (D:8)
  A giant gecko (D:10)
  An orc (D:11)
  A quokka (D:10)
20 creatures vanquished.

Vanquished Creatures (others)
  A deep elf fighter (Elf:2)
  A black bear (D:10)
  3 spiders
  A centaur (D:10)
  A giant frog (D:10)
  A hound (D:8)
  An orc priest (D:10)
  An orc wizard (D:10)
  2 adders
  An orc skeleton (D:11)
  A giant mite (Lab)
  4 orcs
  A quokka (D:8)
  A fungus (Lair:8)
  3 plants
23 creatures vanquished.

Grand Total: 985 creatures vanquished

Notes
Turn   | Place    | Note
--------------------------------------------------------------
     0 | D:1      | Chiseanne, the Spriggan Assassin, began the quest for the Orb.
     0 | D:1      | Reached XP level 1. HP: 10/10 MP: 2/2
   205 | D:1      | Reached skill level 6 in Stealth
   298 | D:1      | Reached XP level 2. HP: 8/14 MP: 4/4
   854 | D:2      | Reached XP level 3. HP: 18/18 MP: 6/6
   874 | D:2      | Reached skill level 7 in Stealth
  1272 | D:2      | Found a sparkling altar of Nemelex Xobeh.
  1737 | D:2      | Reached XP level 4. HP: 22/22 MP: 8/8
  2035 | D:3      | Reached skill level 8 in Stealth
  2141 | D:3      | Found a shattered altar of Ashenzari.
  2141 | D:3      | Found an ancient bone altar of Kikubaaqudgha.
  2141 | D:3      | Found an opulent altar of Gozag.
  2141 | D:3      | Found a basalt altar of Yredelemnul.
  2143 | D:3      | Found a sparkling altar of Nemelex Xobeh.
  2148 | D:3      | Became a worshipper of Gozag Ym Sagoz the Greedy
  2219 | D:4      | Gained mutation: You are robust (+10% HP). [potion of beneficial mutation]
  2317 | D:4      | Found a stormy altar of Qazlal.
  2317 | D:4      | Found an iron altar of Okawaru.
  2318 | D:4      | Found a blossoming altar of Fedhas.
  2370 | D:4      | Reached XP level 5. HP: 27/27 MP: 10/10
  2912 | D:3      | Reached skill level 9 in Stealth
  3409 | D:4      | Found a snail-covered altar of Cheibriados.
  3409 | D:4      | Found a deep blue altar of Sif Muna.
  3584 | D:5      | Entered Level 5 of the Dungeon
  3625 | D:5      | Found an opulent altar of Gozag.
  3821 | D:5      | Reached XP level 6. HP: 33/33 MP: 12/12
  3870 | D:5      | Reached skill level 10 in Stealth
  4385 | D:6      | Reached skill level 5 in Dodging
  4385 | D:6      | Reached XP level 7. HP: 19/36 MP: 14/14
  4496 | D:6      | Lost mutation: You are robust (+10% HP). [potion of cure mutation]
  4603 | D:6      | Reached skill level 11 in Stealth
  5058 | D:6      | Reached skill level 12 in Stealth
  5264 | D:6      | Found a staircase to the Ecumenical Temple.
  5270 | Temple   | Entered the Ecumenical Temple
  5309 | D:6      | Reached XP level 8. HP: 37/37 MP: 16/16
  5542 | D:7      | Reached skill level 5 in Short Blades
  5614 | D:7      | Found Hetaev's Food Shop.
  5619 | D:7      | Bought a slice of pizza for 15 gold pieces
  5619 | D:7      | Bought a bread ration for 50 gold pieces
  5619 | D:7      | Bought a bread ration for 50 gold pieces
  5619 | D:7      | Bought a slice of pizza for 15 gold pieces
  5619 | D:7      | Bought a bread ration for 50 gold pieces
  6034 | D:7      | Reached skill level 13 in Stealth
  6171 | D:7      | Noticed a red ugly thing
  6361 | D:8      | Reached skill level 14 in Stealth
  6361 | D:8      | Reached XP level 9. HP: 38/41 MP: 18/18
  6414 | D:8      | Found a flagged portal.
  6436 | Bailey   | Entered a bailey
  6695 | Bailey   | Noticed an orc knight
  6695 | Bailey   | Noticed an orc knight
  6704 | Bailey   | Killed an orc knight
  6704 | Bailey   | Reached skill level 10 in Dodging
  6706 | Bailey   | Killed an orc knight
  6706 | Bailey   | Reached skill level 15 in Stealth
  6727 | Bailey   | Noticed an orc knight
  6732 | Bailey   | Noticed an orc knight
  6733 | Bailey   | Killed an orc knight
  6733 | Bailey   | Reached skill level 16 in Stealth
  6733 | Bailey   | Reached XP level 10. HP: 39/46 MP: 19/19
  6735 | Bailey   | Noticed an orc knight
  6745 | Bailey   | Killed an orc knight
  6748 | Bailey   | Killed an orc knight
  6748 | Bailey   | Reached skill level 17 in Stealth
  6841 | D:8      | Noticed Edmund
  6857 | D:8      | Killed Edmund
  6885 | D:8      | Noticed Sigmund
  6906 | D:8      | Killed Sigmund
  6911 | D:8      | Reached skill level 18 in Stealth
  7204 | D:8      | Learned a level 2 spell: Repel Missiles
  7207 | D:8      | Learned a level 2 spell: Blink
  7236 | D:8      | Noticed a two-headed ogre
  7242 | D:8      | Killed a two-headed ogre
  7540 | D:8      | Reached XP level 11. HP: 37/49 MP: 20/20
  7548 | D:8      | Noticed a centaur warrior
  7568 | D:8      | Killed a centaur warrior
  7568 | D:8      | Reached skill level 19 in Stealth
  7764 | D:8      | Noticed Eustachio
  7798 | D:8      | Killed Eustachio
  7818 | D:8      | Got a bloodstained blowgun
  7957 | D:8      | Noticed a two-headed ogre
  7961 | D:8      | Killed a two-headed ogre
  8181 | D:9      | Found a staircase to the Lair.
  8302 | D:9      | Found Gywn's Food Emporium.
  8855 | D:9      | Found a bloodstained altar of Trog.
  9433 | D:10     | Entered Level 10 of the Dungeon
  9853 | D:10     | Identified the +5 blowgun of Immorality {evade, Dex+2} (You found it on level 8 of the Dungeon)
  9923 | D:10     | Noticed Harold
  9946 | D:10     | Killed Harold
  9959 | D:10     | Gained mutation: You can spit poison. [potion of beneficial mutation]
  9974 | D:10     | Noticed a hill giant
 10001 | D:10     | Killed a hill giant
 10294 | D:10     | Reached skill level 20 in Stealth
 10778 | D:11     | Found Jeomiseh's Magic Scroll Boutique.
 10796 | D:11     | Bought a scroll of acquirement for 728 gold pieces
 10796 | D:11     | Bought a scroll of holy word for 105 gold pieces
 10796 | D:11     | Bought a scroll of immolation for 49 gold pieces
 10796 | D:11     | Bought a scroll of fog for 28 gold pieces
 10796 | D:11     | Bought a scroll of identify for 28 gold pieces
 10796 | D:11     | Bought a scroll of identify for 28 gold pieces
 10796 | D:11     | Bought a scroll of recharging for 133 gold pieces
 10796 | D:11     | Bought a scroll of recharging for 133 gold pieces
 11522 | D:11     | Found a staircase to the Orcish Mines.
 11828 | D:11     | Reached XP level 12. HP: 53/53 MP: 21/21
 12041 | D:12     | Reached skill level 21 in Stealth
 12302 | D:12     | Found Uhou's Demolitions Depot.
 12759 | D:13     | Noticed a vault guard
 12760 | D:13     | Found a gate to the Vaults.
 12760 | D:13     | Noticed a vault guard
 12760 | D:13     | Noticed a vault guard
 12760 | D:13     | Noticed a vault guard
 12760 | D:13     | Noticed a vault guard
 12805 | D:13     | Killed a vault guard
 12815 | D:13     | Noticed a vault guard
 12815 | D:13     | Noticed a vault guard
 12815 | D:13     | Noticed a vault guard
 12979 | Lair:1   | Entered Level 1 of the Lair of Beasts
 13811 | Lair:1   | Reached skill level 15 in Dodging
 14147 | Lair:2   | Found a labyrinth entrance.
 14157 | Lab      | Entered a labyrinth
 14895 | Lab      | Noticed a minotaur
 14907 | Lab      | Killed a minotaur
 14927 | Lab      | Identified a cursed +3 rod of ignition (9/9) (You took it off a minotaur in a labyrinth)
 15315 | Lair:2   | Reached skill level 22 in Stealth
 15759 | Lair:3   | Noticed Erica
 15783 | Lair:3   | Killed Erica
 16570 | Lair:3   | Reached skill level 10 in Short Blades
 16932 | Lair:4   | Noticed a seven-headed hydra
 16940 | Lair:4   | Killed an eight-headed hydra
 17007 | Lair:4   | You fall through a shaft for 2 floors!
 17037 | Lair:6   | Reached XP level 13. HP: 57/57 MP: 22/22
 17044 | Lair:6   | Found a hole to the Spider Nest.
 17095 | Lair:6   | Found a staircase to the Swamp.
 17498 | Lair:6   | Reached skill level 23 in Stealth
 17779 | Lair:6   | Found a staircase to the Slime Pits.
 20002 | Lair:8   | Entered Level 8 of the Lair of Beasts
 20514 | Lair:8   | Reached skill level 24 in Stealth
 20520 | Lair:8   | Found a stormy altar of Qazlal.
 21123 | Lair:8   | Reached XP level 14. HP: 47/61 MP: 23/23
 21397 | Lair:8   | Noticed a dire elephant
 21410 | Lair:8   | Killed a dire elephant
 21426 | Lair:8   | Identified the Handbook of the Firefly
 21595 | Lair:8   | Reached skill level 25 in Stealth
 23241 | Lair:4   | Found a staircase to the Shoals.
 24105 | Lair:1   | Got a faintly humming hat
 24116 | Lair:1   | Identified the +0 hat of Surprise {rF+ Stlth+} (You acquired it on level 1 of the Lair of Beasts)
 24334 | Orc:1    | Entered Level 1 of the Orcish Mines
 24622 | Orc:1    | Noticed Snorg
 24634 | Orc:1    | Killed Snorg
 24634 | Orc:1    | Reached skill level 26 in Stealth
 26548 | Orc:4    | Entered Level 4 of the Orcish Mines
 26704 | Orc:4    | Found a roughly hewn altar of Beogh.
 26975 | Orc:4    | Noticed an orc warlord
 26992 | Orc:4    | Gained mutation: You are frail (-10% HP). [a neqoxec]
 26995 | Orc:4    | Found Ikhlaiz Oshy's Distillery.
 27085 | Orc:4    | Bought a potion of might for 35 gold pieces
 27085 | Orc:4    | Bought a potion of berserk rage for 42 gold pieces
 27085 | Orc:4    | Bought a potion of restore abilities for 42 gold pieces
 27085 | Orc:4    | Bought 2 potions of might for 70 gold pieces
 27085 | Orc:4    | Bought a potion of heal wounds for 42 gold pieces
 27085 | Orc:4    | Bought a potion of heal wounds for 42 gold pieces
 27085 | Orc:4    | Bought a potion of berserk rage for 42 gold pieces
 27085 | Orc:4    | Bought a potion of heal wounds for 42 gold pieces
 27085 | Orc:4    | Bought a potion of might for 35 gold pieces
 27308 | Orc:4    | Found a roughly hewn altar of Beogh.
 27334 | Orc:4    | Found a staircase to the Elven Halls.
 27356 | Orc:4    | Found Luseazxy's Antique Armour Emporium.
 27365 | Orc:4    | Found a shimmering altar of Xom.
 27368 | Orc:4    | Bought a runed robe for 21 gold pieces
 27501 | Orc:4    | Found Gaer's Antique Armour Shop.
 27596 | Orc:4    | Bought a potion of mutation for 35 gold pieces
 27596 | Orc:4    | Bought a potion of mutation for 35 gold pieces
 27614 | Orc:4    | Found a roughly hewn altar of Beogh.
 27668 | Orc:4    | Found a roughly hewn altar of Beogh.
 27673 | Orc:4    | Found Icwa's Armour Emporium.
 27937 | Orc:4    | Found a roughly hewn altar of Beogh.
 27937 | Orc:4    | Found Geotzett's Antique Armour Shop.
 28062 | Orc:4    | Bought a runed cloak for 130 gold pieces
 28188 | Orc:4    | Found Urphiusa's Jewellery Boutique.
 28194 | Orc:4    | Bought the ring of the Enemy {Str+3 Slay+5} for 568 gold pieces
 28194 | Orc:4    | Bought a cursed -2 ring of protection for 26 gold pieces
 28194 | Orc:4    | Bought an uncursed amulet of warding for 195 gold pieces
 28194 | Orc:4    | Bought an uncursed ring of poison resistance for 260 gold pieces
 28250 | Orc:4    | Found a roughly hewn altar of Beogh.
 29044 | Orc:4    | Killed an orc warlord
 29045 | Orc:4    | Found a roughly hewn altar of Beogh.
 29045 | Orc:4    | Found Stepopo's Antique Weapon Emporium.
 29058 | Orc:4    | Reached skill level 27 in Stealth
 29159 | Orc:4    | Found Abaraarr's Antique Armour Shoppe.
 29213 | Orc:4    | Bought an opalescent robe for 142 gold pieces
 29220 | Orc:4    | Bought a sapphire dagger for 203 gold pieces
 29247 | Orc:4    | Identified the +1 robe of Winter {rF+} (You bought it in a shop on level 4 of the Orcish Mines)
 29250 | Orc:4    | Identified the cursed +11 dagger of Rujutur {venom, rElec MR+} (You bought it in a shop on level 4 of the Orcish Mines)
 29336 | Elf:1    | Entered Level 1 of the Elven Halls
 29340 | Elf:1    | Reached XP level 15. HP: 55/55 MP: 24/24
 29408 | Elf:1    | Got a transparent robe
 29492 | Elf:1    | Identified the +2 robe of the Lonely Mice {Str+3 Int+1} (You found it on level 1 of the Elven Halls)
 30298 | Elf:2    | Killed from afar by a deep elf mage

Action                   |  1- 3 |  4- 6 |  7- 9 | 10-12 | 13-15 || total
-------------------------+-------+-------+-------+-------+-------++-------
Melee: Dagger            |    76 |    35 |       |   118 |   282 ||   511
       Short sword       |       |    82 |   311 |   803 |  1323 ||  2519
 Fire: Blowgun           |    26 |    37 |     7 |     6 |    26 ||   102
Throw: Tomahawk          |       |     2 |     9 |    17 |     7 ||    35
 Abil: Evoke Flight      |       |       |       |       |     1 ||     1
Evoke: Wand              |       |     3 |    13 |    18 |    27 ||    61
       Sack of spiders   |       |       |       |     4 |       ||     4
       Rod               |       |       |       |     2 |    11 ||    13
       Box of beasts     |       |       |       |     1 |       ||     1
  Use: Scroll            |     7 |     7 |     3 |    26 |    17 ||    60
       Potion            |       |     2 |     3 |     7 |     3 ||    15
 Stab: Sleeping          |     8 |    20 |    33 |    97 |   152 ||   310
       Distracted        |     1 |     1 |     1 |    12 |    25 ||    40
       Invisible         |       |       |    16 |    20 |    22 ||    58
       Confused          |       |       |     1 |       |       ||     1
  Eat: Fruit             |       |     6 |     4 |     4 |    14 ||    28
       Royal jelly       |       |       |       |     2 |     1 ||     3
       Pizza             |       |       |       |       |     1 ||     1
